 Dungeon Crawl Stone Soup version 0.21-a0-404-g291f19a (webtiles) character file.

189 grizmgrazm2 the Chiller (level 5, 0/41 HPs)
             Began as a Ghoul Ice Elementalist on Oct 29, 2017.
             Slain by a hippogriff (2 damage)
             ... on level 3 of the Dungeon.
             The game lasted 00:08:58 (2312 turns).

grizmgrazm2 the Chiller (Ghoul Ice Elementalist)    Turns: 2312, Time: 00:08:59

Health: 0/41       AC:  3    Str: 12    XL:     5   Next: 68%
Magic:  1/7        EV: 12    Int: 11    God:
Gold:   162        SH:  0    Dex:  9    Spells: 4/9 levels left

rFire    . . .     SeeInvis .   k - +0 short sword
rCold    + . .     Gourm    .   (no shield)
rNeg     + + +     Faith    .   p - +0 leather armour
rPois    ∞         Spirit   .   (no helmet)
rElec    .         Reflect  .   (no cloak)
rCorr    .         Harm     .   (no gloves)
MR       .....                  (no boots)
Stlth    ++........             (no amulet)
HPRegen  0.00/turn              (no ring)
MPRegen  0.10/turn              (no ring)

@: rotting
A: rotting body, claws 1, carnivore 3, cold resistance 1, negative energy
resistance 3, inhibited regeneration, torment resistance, unbreathing
a: no special abilities


You were on level 3 of the Dungeon.
You were not hungry.

You visited 1 branch of the dungeon, and saw 3 of its levels.

You collected 162 gold pieces.

Inventory:

Hand Weapons
 k - a +0 short sword (weapon)
 n - a +1 vampiric spear
Missiles
 o - 15 sling bullets
Armour
 p - a +0 leather armour (worn)
Scrolls
 a - a scroll of fear {unknown}
 e - a scroll of blinking {unknown}
 f - 2 scrolls of enchant armour {unknown}
 i - 5 scrolls of remove curse {unknown}
 j - a scroll of immolation {unknown}
 l - 2 scrolls of enchant weapon {unknown}
 m - a scroll of identify {unknown}
Potions
 d - a potion of heal wounds {unknown}
 g - a potion of curing {unknown}
Books
 b - a book of Frost

   Spells                             Type                      Level
   a - Freeze                         Ice                          1
   b - Throw Frost                    Conjuration/Ice              2
   c - Ozocubu's Armour               Charms/Ice                   3
   d - Throw Icicle                   Conjuration/Ice              4
   e - Summon Ice Beast               Ice/Summoning                4
Comestibles
 c - 2 meat rations
 h - 4 chunks of flesh


   Skills:
 + Level 2.0 Fighting
 - Level 2.1 Dodging
 - Level 2.4 Stealth
 - Level 0.5 Unarmed Combat
 + Level 2.6 Spellcasting
   Level 0.7 Conjurations
 + Level 1.0 Summonings
 * Level 5.0 Ice Magic


You had 4 spell levels left.
You knew the following spells:

 Your Spells              Type           Power        Failure   Level  Hunger
a - Freeze                Ice            ##..         4%          1    ##.....
b - Summon Ice Beast      Ice/Summ       #.......     67%         4    #####..


Dungeon Overview and Level Annotations

Branches:
Dungeon (3/15)

Altars:
Dithmenos
Gozag


Innate Abilities, Weirdness & Mutations

Your body is rotting away.
You thrive on raw meat.
You are immune to poison.
You have sharp fingernails.
You are carnivorous and can eat meat at any time.
Your flesh is cold resistant. (rC+)
You are immune to negative energy. (rN+++)
You do not regenerate when monsters are visible.
You are immune to unholy pain and torment.
You can survive without breathing.


Message History

Aiming: Freeze
Press: ? - help, Shift-Dir - straight line, f/p - hippogriff
Aim: a hippogriff (moderately wounded)
You freeze the hippogriff.
The hippogriff is heavily wounded.
The hippogriff bites you!
* * * LOW HITPOINT WARNING * * *
The hippogriff pecks you.
* * * LOW HITPOINT WARNING * * *
The hippogriff claws you.
* * * LOW HITPOINT WARNING * * *
Eat one of 5 chunks of flesh? (ye/n/q)
You eat one of the 5 chunks of flesh.
This raw flesh tastes great!
The hippogriff bites you but does no damage.
The hippogriff pecks you but does no damage.
The hippogriff misses you. The hippogriff bites you.
* * * LOW HITPOINT WARNING * * *
The hippogriff closely misses you. The hippogriff claws you.
You die...

#.# #.. ... ..# #####'### #.# #.#
#.# #.# ##...## ####.# #.#
#.###.# ##.....## ####....# #.#
#.##..# ##..<....#
#.......###.###.....####.........
.......................'.........
#...>.#.###.........####.........
#..#.##.# ######.#.## ##.......#
#.......# #.....@..# ##.....##
##.###### #.###.H..# ##...## #.#
#.# #.(..# ##+## #.# #.#
#....#########.## #.# #.#
#.##............#
#.###.##..########..#
#.........### ##...### ##
#####.#.....# #......# ..
#.#.....# #....#.#


You could see a hippogriff.

Vanquished Creatures
  7 gnolls (D:3)
  5 adders
  An ooze (D:1)
  A worm (D:3)
  2 dart slugs
  2 leopard geckos
  12 bats
  6 giant cockroaches
  7 goblins
  5 hobgoblins
  2 jackals (D:1)
  8 frilled lizards
  6 kobolds
  3 rats
67 creatures vanquished.

Notes
Turn   | Place    | Note
-------+----------+-------------------------------------------
     0 | D:1      | grizmgrazm2 the Ghoul Ice Elementalist began the quest for the Orb.
     0 | D:1      | Reached XP level 1. HP: 14/14 MP: 2/2
    83 | D:1      | Reached XP level 2. HP: 16/20 MP: 0/3
   321 | D:1      | Reached XP level 3. HP: 25/26 MP: 3/5
   690 | D:1      | Reached skill level 4 in Ice Magic
  1015 | D:2      | Reached skill level 1 in Fighting
  1015 | D:2      | Reached XP level 4. HP: 25/35 MP: 1/6
  1467 | D:3      | Learned a level 4 spell: Summon Ice Beast
  1473 | D:3      | Found an opulent altar of Gozag.
  1519 | D:3      | Found a shadowy altar of Dithmenos.
  1797 | D:3      | Reached XP level 5. HP: 28/40 MP: 0/7
  2140 | D:3      | Reached skill level 5 in Ice Magic
  2143 | D:3      | Reached skill level 1 in Summonings
  2302 | D:3      | Noticed a hippogriff
  2310 | D:3      | HP: 1/41 [hippogriff (2)]
  2312 | D:3      | Slain by a hippogriff

Vault maps used:
D:1:      scummos_arrival_star
D:3:      lemuel_crystal_altar, grunt_gozag_breadcrumbs, first_bread,
          minmay_misc_feat_encased

Skill      XL: |  1  2  3  4  5 |
---------------+----------------+-----
Dodging        | 2 |  2.1
Spellcasting   | 2 |  2.6
Ice Magic      | 4 5 |  5.0
Fighting       | 1 2 |  2.0
Summonings     | 1 |  1.0
Stealth        | |  2.4
Unarmed Combat | |  0.5
Conjurations   | |  0.7

Action                   |  1- 3 |  4- 6 || total
-------------------------+-------+-------++-------
Melee: Unarmed           |    49 |       ||    49
       Short sword       |     3 |    29 ||    32
 Cast: Freeze            |    53 |    60 ||   113
 Stab: Sleeping          |     2 |       ||     2
  Eat: Chunk             |    26 |    18 ||    44
Armor: Robe              |    28 |    20 ||    48
       Leather armour    |       |    12 ||    12
Dodge: Dodged            |    71 |    56 ||   127

Table legend:
 A = Spawn XP
 B = Non-spawn XP
 C = Spawn XP percentage of total XP
 D = Spawn monster count
 E = Non-spawn monster count
 F = Spawn count percentage of total count
 G = Total turns spent on level
                    A         B        C        D         E        F      G
               +---------+---------+-------+---------+---------+-------+---------
         Total |       0 |     271 |   0.0 |       0 |      67 |   0.0 |  2312
               +---------+---------+-------+---------+---------+-------+---------
           D:1 |       0 |      66 |   0.0 |       0 |      29 |   0.0 |   770
           D:2 |       0 |      57 |   0.0 |       0 |      20 |   0.0 |   691
           D:3 |       0 |     148 |   0.0 |       0 |      18 |   0.0 |   851
               +---------+---------+-------+---------+---------+-------+---------
